 Dungeon Crawl Stone Soup version 0.31-a0-851-g7ff8af7976 (webtiles) character file.

Game seed: 1727462033512238585

106 Nedwor the Slasher (level 4, -1/30 (34) HPs)
             Began as a Demonspawn Gladiator on Oct 7, 2023.
             Slain by a wight
             ... wielding a +3 falchion
              (5 damage)
             ... on level 5 of the Dungeon.
             The game lasted 00:02:38 (2652 turns).

Nedwor the Slasher (Demonspawn Gladiator)           Turns: 2652, Time: 00:02:39

HP:   -1/30 (34)    AC:  6    Str: 14    XL:     4   Next: 55%
MP:   4/4           EV: 13    Int:  9    God:
Gold: 148           SH:  0    Dex: 17    Spells: 3/3 levels left

rFire   . . .        l - +1 dagger (speed)
rCold   . . .        (no shield)
rNeg    . . .        b - +0 leather armour
rPois   .            c - +1 helmet
rElec   .            (no cloak)
rCorr   .            n - +0 pair of gloves
SInv    .            (no boots)
Will    .....        (no amulet)
Stlth   +            (no ring)
HPRegen 0.25/turn    (no ring)
MPRegen 0.09/turn

%: no passive effects
@: heavily drained
A: hooves 1, spiny 1
a: no special abilities


You were on level 5 of the Dungeon.
You visited 1 branch of the dungeon, and saw 4 of its levels.

You collected 148 gold pieces.

Inventory:

Hand Weapons
 a - a +0 long sword of flaming
 l - a +1 dagger of speed (weapon)
Missiles
 d - 5 throwing nets (quivered)
 e - 5 javelins
Armour
 b - a +0 leather armour (worn)
 c - a +1 helmet (worn)
 n - a +0 pair of gloves (worn)
Scrolls
 f - a scroll of immolation {unknown}
 g - 2 scrolls of blinking
 i - a scroll of enchant weapon {unknown}
 j - 2 scrolls of identify
Potions
 h - a potion of berserk rage {unknown}
 m - a potion of curing


   Skills:
 + Level 2.8 Fighting
 * Level 1.0(2.5) Short Blades
 - Level 3.7(3.8) Long Blades
 - Level 1.7 Throwing
 + Level 3.3 Dodging


You had 3 spell levels left.
You didn't know any spells.
Your spell library contained the following spells:

 Spells                   Type           Power      Damage    Failure   Level
 Stone Arrow              Conj/Erth      0%         3d7       83%         3
 Animate Armour           Summ/Erth      0%         N/A       99%         4
 Lehudib's Crystal Spear  Conj/Erth      0%         10d2      100%        8


Dungeon Overview and Level Annotations

Branches:
Dungeon (3/15)

Altars:

Shops:
D:1 (

Annotations:
D:5 Sigmund


Innate Abilities, Weirdness & Mutations

You have large cloven feet.
You are partially covered in sharp spines.


Message History

Sigmund flickers and vanishes!
Deactivating autopickup; reactivate with Ctrl-A.
Something hits you but does no damage.
You hear some strange, mumbled words.
Something tries to affect you, but you resist.
Something hits you! Something completely misses you.
Something hits you but does no damage.
You hear some strange, mumbled words.
Something tries to affect you, but you resist.
You hear some strange, mumbled words.
You are confused.
You're too confused to move!
Something hits you. The orc is struck by your spines.
The orc hits you but does no damage.
You barely miss the orc. You kick the orc.
The orc is moderately wounded.
The orc is struck by your spines.
You kill the orc!
Something hits you! The orc closely misses you.
You're too confused to move!
The orc barely misses you. The wight hits you with a +0 war axe.
You feel drained.
An orc comes into view. It is wielding a +0 dagger.
Something hits you but does no damage.
You miss the wight.
You feel less confused.
The orc hits you with a +2 whip of pain.
The orc is struck by your spines.
You kill the orc!
The wight attacks as it pursues you! The wight hits you with a +0 war axe!
* * * LOW HITPOINT WARNING * * *
You feel drained.
* * * LOW HITPOINT WARNING * * *
The wight attacks as it pursues you! The wight misses you.
The wight misses you.
Unknown command.
The wight attacks as it pursues you! The wight is struck by your spines.
The wight misses you. The wight attacks as it pursues you!
The wight hits you with a +3 falchion.
You die...

### #.#############.#
#........#......#
#.######.#.####.########
#.#....))).......
#.######.########
#........#
####################
#..@z.zz.#..........
#.####.o......##.... ..
#.)o.....##.... #.
#........##.... #
#........##....
#..............
#........######
#........# # #........#
#


You could see 3 wights and 2 orcs.

Vanquished Creatures
  4 adders (D:2)
  2 worms (D:2)
  2 dart slugs
  5 orcs (D:5)
  10 endoplasms
  2 giant cockroaches
  5 goblins
  4 hobgoblins
  4 ball pythons
  5 bats
  4 frilled lizards
  4 kobolds
  4 rats
55 creatures vanquished.

Notes
Turn   | Place    | Note
-------+----------+-------------------------------------------
     0 | D:1      | Nedwor the Demonspawn Gladiator began the quest for the
                  | Orb.
     0 | D:1      | Reached XP level 1. HP: 16/16 MP: 1/1
    56 | D:1      | Found Sattiusk's Antique Weapon Shop.
   117 | D:1      | Gained mutation: You are partially covered in sharp spines.
                  | [demonic ancestry]
   117 | D:1      | Reached XP level 2. HP: 22/22 MP: 2/2
   724 | D:2      | Reached XP level 3. HP: 16/28 MP: 3/3
  1242 | D:2      | Gained mutation: You have large cloven feet. [demonic
                  | ancestry]
  1242 | D:2      | Reached XP level 4. HP: 34/34 MP: 4/4
  2540 | D:3      | You fall into a shaft and drop 2 floors!
  2540 | D:5      | Entered Level 5 of the Dungeon
  2567 | D:5      | Reached skill level 1 in Short Blades
  2628 | D:5      | Noticed Sigmund
  2652 | D:5      | Slain by a wight

Illustrated notes

Levels and vault maps discovered:
D:1:      dpeg_arrival_rhombi, layout_basic, serial_shops,
          nicolae_shop_hallway_plus
D:2:      layout_basic, grunt_ministairs_5
D:3:      layout_basic
D:5:      layout_basic, serial_bayou_pond_e, uniq_blork_the_orc, uniq_sigmund

Skill      XL: |  1  2  3  4 |
---------------+-------------+-----
Long Blades    | 3 |  3.7
Dodging        | 3 |  3.3
Short Blades   | 1 |  1.0
Fighting       | |  2.8
Throwing       | |  1.7

Action                     |  1- 3 |  4- 6 || total
---------------------------+-------+-------++-------
  Melee: Long sword        |    63 |       ||    63
         Punch             |     1 |     2 ||     3
         Dagger            |       |    50 ||    50
         Kick              |       |    12 ||    12
    Use: Scroll            |       |     6 ||     6
   Stab: Sleeping          |     3 |     1 ||     4
 Armour: Leather armour    |    28 |    19 ||    47
  Dodge: Dodged            |    39 |    22 ||    61

Table legend: (Time is in decaauts)
 A = Elapsed time spent in this place.
 B = Non-inter-level travel time spent in this place.
 C = Inter-level travel time spent in this place.
 D = Time resting spent in this place.
 E = Time spent auto-exploring this place.
 F = Levels seen in this place.
 G = Mean time per level.
                   A        B        C        D        E       F      G
               +--------+--------+--------+--------+--------+-----+--------+
         Total |   2645 |   2556 |     89 |    641 |   1565 |   4 |  661.2 |
       Dungeon |   2645 |   2556 |     89 |    641 |   1565 |   4 |  661.2 |
               +--------+--------+--------+--------+--------+-----+--------+

Top non-repeatable levels by time:
     D:2: 1777 daAuts
     D:1: 716 daAuts
     D:5: 106 daAuts
     D:3: 44 daAuts
